 Dungeon Sprint DCSS version 0.27-a0-78-g75406f0b48 (webtiles) character file.

Game seed: 9560653870357685376

15111 mhtbhm the Sorcerer (level 11, -3/60 HPs)
             Began as a Deep Elf Earth Elementalist on Jan 14, 2021.
             Was the Champion of Vehumet.
             Slain by Rupert
             ... wielding a +5 battleaxe of venom
              (25 damage)
             ... in the Dungeon (Sprint III: "The Ten Rune Challenge").
             The game lasted 00:11:59 (3668 turns).

mhtbhm the Sorcerer (Deep Elf Earth Elementalist)   Turns: 3668, Time: 00:12:00

Health: -3/60      AC:  4    Str:  5    XL:     11   Next: 97%
Magic:  28/41      EV: 15    Int: 24    God:    Vehumet [******]
Gold:   1817       SH:  0    Dex: 15    Spells: 38/59 levels left

rFire    . . .     SeeInvis .   (no weapon)
rCold    . . .     Faith    .   (no shield)
rNeg     . . .     Spirit   .   c - +0 robe
rPois    .         Reflect  .   (helmet restricted)
rElec    .         Harm     .   (no cloak)
rCorr    .         Rampage  .   (no gloves)
Will     +....     NoTele   +   (no boots)
Stlth    +++.......             (no amulet)
HPRegen  0.20/turn              (no ring)
MPRegen  0.27/turn              (no ring)

@: lethally poisoned (-3 -> -29)
A: horns 1, icy blue scales 1, blink, robust 1
a: Blink, Renounce Religion


You were in the Dungeon.
You worshipped Vehumet.
Vehumet was exalted by your worship.
You visited 1 branch You collected 1817 gold pieces.

Inventory:

Missiles
 b - a stone
Armour
 c - a +0 robe (worn)
Wands
 p - a wand of iceblast (3)
Scrolls
 k - 2 scrolls of immolation {unknown}
 l - 4 scrolls of identify
 n - a scroll of holy word {unknown}
 o - a scroll of remove curse {unknown}
Potions
 a - a potion of attraction {unknown}
 d - 2 potions of curing
 f - a potion of haste
 g - 2 potions of magic
 h - a potion of berserk rage
 j - a potion of mutation
 m - 2 potions of flight
Miscellaneous
 q - a condenser vane (inert)


   Skills:
 + Level 0.8 Fighting
 + Level 5.5 Dodging
 - Level 5.6 Stealth
 + Level 0.1 Unarmed Combat
 + Level 24.6 Spellcasting
 + Level 3.5 Conjurations
 + Level 3.7 Transmutations
 + Level 0.9 Air Magic
 + Level 20.3 Earth Magic
 + Level 2.4 Poison Magic
 + Level 3.5 Evocations


You had 38 spell levels left.
You knew the following spells:

 Your Spells              Type           Power        Failure   Level
a - Sandblast             Erth           100%         0%          1
b - Passwall              Tmut/Erth      60%          0%          2
c - Stone Arrow           Conj/Erth      100%         1%          3
d - Lee's Rapid Deconstr  Erth           45%          0%          5
e - Petrify               Tmut/Erth      72%          1%          4
f - Mephitic Cloud        Conj/Pois/Air  40%          1%          3
g - Ignite Poison         Fire/Tmut/Pois 39%          1%          3

Your spell library contained the following spells:

 Spells                   Type           Power        Failure   Level
 Orb of Destruction       Conj           23%          50%         7
 Corona                   Hex            32%          1%          1
 Magic Dart               Conj           100%         1%          1
 Blink                    Tloc           N/A          1%          2
 Call Imp                 Summ           29%          1%          2
 Slow                     Hex            29%          1%          2
 Conjure Flame            Conj/Fire      37%          1%          3
 Inner Flame              Hex/Fire       29%          1%          3
 Leda's Liquefaction      Hex/Erth       33%          1%          4
 Portal Projectile        Hex/Tloc       58%          3%          3
 Cause Fear               Hex            14%          12%         4


Dungeon Overview and Level Annotations

Branches:
Dungeon (1/1)

Altars:
Cheibriados
Dithmenos
Elyvilon
Fedhas
Gozag
Hepliaklqana
Kikubaaqudgha
Makhleb
Nemelex Xobeh
Okawaru
Qazlal
Ru
Sif Muna
Trog
Uskayaw
Vehumet
Wu Jian
Xom
Yredelemnul
Zin
The Shining One
Beogh
Jiyva
Lugonu

Shops:
D *

Annotations:
D Rupert


Innate Abilities, Weirdness & Mutations

You have a pair of small horns on your head.
You are partially covered in icy blue scales. (AC +2)
You can translocate small distances at will.
You are robust. (+10% HP)


Message History

A rock wall.
The wall shatters!
The blast of rock fragments hits something!!
You suddenly lose the ability to move!
Something hits you!
You are poisoned.
You feel sick. Something hits you!!!
Ouch! That really hurt!
* * * LOW HITPOINT WARNING * * *
You can move again.
Unknown command.
Unknown command.
You feel much better.
You feel sick. Something hits you!
* * * LOW HITPOINT WARNING * * *
You are more poisoned.
Unknown command.
You feel much better.
You feel very sick. Something hits you!!
You die...

#..###..##.#.....#...#__#
#..# #..#####....#___#__'
▓▓▓▓▓▓▓▓▓▓▓▓▓▓▓▓▓▓▓▓▓▓▓▓▓
+≈≈§§§≈≈.≈♣♣.....♣♣♣♣
#≈≈≈§§≈≈≈≈♣♣†≈≈≈≈'♣♣'
#≈≈§§§§.≈≈≈†.....#.≈♣
#≈≈≈≈.§≈.≈♣♣♣♣♣♣♣#..♣
#≈≈≈≈.≈≈≈≈♣ ###'
####@###### ♣♣♣♣.
........{.§§§.. ♣...#
#+############# ♣♣.##
♣..# ♣♣.# ♣♣.# ♣... ####


There were no monsters in sight!

Vanquished Creatures
  A deep elf demonologist (D)
  Snorg (D)
  A deep elf high priest (D)
  A centaur warrior (D)
  An orc high priest (D)
  Urug (D)
  2 unseen horrors (D)
  A lindwurm (D)
  An orc knight (D)
  6 deep elf magi (D)
  An orc sorcerer (D)
  2 cane toads (D)
  A komodo dragon (D)
  A rime drake (D)
  3 wandering mushrooms (D)
  A queen bee (D)
  2 tyrant leeches (D)
  5 blink frogs (D)
  A shadow (D)
  3 redbacks (D)
  A spatial vortex (D)
  A swamp drake (D)
  An orc warrior (D)
  A necrophage (D)
  2 centaurs (D)
  An earth elemental (D)
  A water elemental (D)
  25 killer bees (D)
  A jelly (D)
  2 orc priests (D)
  A wizard (D)
  An orc wizard (D)
  A necromancer (D)
  3 humans (D)
  A kobold demonologist (D)
  A wolf (D)
  An ooze (D)
  10 orcs (D)
  A ball python (D)
  3 rats (D)
95 creatures vanquished.

Vanquished Creatures (collateral kills)
  4 killer bees (D)
4 creatures vanquished.

Vanquished Creatures (others)
  3 killer bees (D)
3 creatures vanquished.

Grand Total: 102 creatures vanquished

Notes
Turn   | Place    | Note
-------+----------+-------------------------------------------
     0 | D        | mhtbhm the Deep Elf Earth Elementalist began the quest for
                  | the Orb.
     0 | D        | Reached XP level 1. HP: 10/10 MP: 6/6
    13 | D        | Reached skill level 4 in Spellcasting
   160 | D        | Noticed a wolf
   172 | D        | Reached skill level 5 in Spellcasting
   172 | D        | Reached skill level 5 in Earth Magic
   172 | D        | Reached XP level 2. HP: 10/15 MP: 1/10
   266 | D        | Reached skill level 6 in Spellcasting
   266 | D        | Reached XP level 3. HP: 19/19 MP: 8/12
   298 | D        | Learned a level 2 spell: Passwall
   302 | D        | Learned a level 3 spell: Stone Arrow
   321 | D        | Gained mutation: Your flesh is cold resistant. (rC+)
                  | [potion of mutation]
   321 | D        | Gained mutation: Scrolls take you a little longer to read.
                  | [potion of mutation]
   321 | D        | Gained mutation: You are robust. (+10% HP) [potion of
                  | mutation]
   321 | D        | Gained mutation: You evolve. [potion of mutation]
   322 | D        | Lost mutation: Your flesh is cold resistant. (rC+) [potion
                  | of mutation]
   322 | D        | Lost mutation: Scrolls take you a little longer to read.
                  | [potion of mutation]
   322 | D        | Lost mutation: You are robust. (+10% HP) [potion of
                  | mutation]
   322 | D        | Gained mutation: You are dopey. (Int -2) [potion of
                  | mutation]
   322 | D        | Gained mutation: You are partially covered in icy blue
                  | scales. (AC +2) [potion of mutation]
   324 | D        | Lost mutation: You are dopey. (Int -2) [potion of mutation]
   324 | D        | Lost mutation: You evolve. [potion of mutation]
   324 | D        | Gained mutation: You have a pair of small horns on your
                  | head. [potion of mutation]
   324 | D        | Gained mutation: You are robust. (+10% HP) [potion of
                  | mutation]
   324 | D        | Gained mutation: You can translocate small distances at
                  | will. [potion of mutation]
   330 | D        | Noticed a water elemental
   333 | D        | Killed a water elemental
   334 | D        | Reached skill level 7 in Spellcasting
   334 | D        | Reached XP level 4. HP: 25/26 MP: 9/15
   375 | D        | Found a radiant altar of Vehumet.
   375 | D        | Found a shimmering blue altar of Sif Muna.
   375 | D        | Found an ancient bone altar of Kikubaaqudgha.
   375 | D        | Noticed a wizard
   377 | D        | Killed a wizard
   378 | D        | Reached skill level 8 in Spellcasting
   379 | D        | Reached XP level 5. HP: 30/30 MP: 13/18
   385 | D        | Learned a level 5 spell: Lee's Rapid Deconstruction
   390 | D        | Learned a level 4 spell: Petrify
   399 | D        | Became a worshipper of Vehumet
   408 | D        | Learned a level 3 spell: Mephitic Cloud
   414 | D        | Found a glowing silver altar of Zin.
   414 | D        | Found a glowing golden altar of the Shining One.
   414 | D        | Found a white marble altar of Elyvilon.
   414 | D        | Noticed a deep elf mage
   416 | D        | Killed a deep elf mage
   417 | D        | Reached skill level 5 in Dodging
   417 | D        | Reached skill level 5 in Stealth
   417 | D        | Reached skill level 12 in Spellcasting
   417 | D        | Reached XP level 6. HP: 35/35 MP: 8/23
   417 | D        | Reached XP level 7. HP: 39/39 MP: 8/25
   506 | D        | Found a hide-covered altar of Uskayaw.
   506 | D        | Found a roughly hewn altar of Beogh.
   506 | D        | Found an iron altar of Okawaru.
   506 | D        | Found a bloodstained altar of Trog.
   506 | D        | Found an ornate altar of the Wu Jian Council.
   506 | D        | Noticed a human
   506 | D        | Noticed a human
   508 | D        | Killed a human
   509 | D        | Reached skill level 13 in Spellcasting
   509 | D        | Killed a human
   509 | D        | Reached * piety under Vehumet
   509 | D        | Offered knowledge of Freeze by Vehumet.
   510 | D        | Reached skill level 14 in Spellcasting
   592 | D        | Found a basalt altar of Yredelemnul.
   592 | D        | Found a shadowy altar of Dithmenos.
   592 | D        | Found a sacrificial altar of Ru.
   624 | D        | Noticed a shadow
   630 | D        | Killed a shadow
   630 | D        | Reached ** piety under Vehumet
   631 | D        | Reached skill level 15 in Spellcasting
   631 | D        | Reached XP level 8. HP: 45/45 MP: 9/29
   725 | D        | Found a blossoming altar of Fedhas.
   725 | D        | Found a stormy altar of Qazlal.
   725 | D        | Found a snail-covered altar of Cheibriados.
   725 | D        | Found a burning altar of Makhleb.
   725 | D        | Found a shimmering altar of Xom.
   726 | D        | Found a hazy altar of Hepliaklqana.
   726 | D        | Found an opulent altar of Gozag.
   726 | D        | Found a sparkling altar of Nemelex Xobeh.
   726 | D        | Found a corrupted altar of Lugonu.
   726 | D        | Found a viscous altar of Jiyva.
   731 | D        | Offered knowledge of Shock by Vehumet.
   811 | D        | Noticed Snorg
   822 | D        | Killed Snorg
   823 | D        | Reached skill level 17 in Spellcasting
   823 | D        | Reached skill level 1 in Evocations
   823 | D        | Reached XP level 9. HP: 49/49 MP: 5/32
   945 | D        | Offered knowledge of Ignite Poison by Vehumet.
  1004 | D        | Learned a level 3 spell: Ignite Poison
  1014 | D        | Noticed a centaur warrior
  1016 | D        | Reached *** piety under Vehumet
  1018 | D        | Offered knowledge of Static Discharge by Vehumet.
  1019 | D        | Killed a centaur warrior
  1020 | D        | Reached skill level 18 in Spellcasting
  1020 | D        | Reached skill level 1 in Conjurations
  1020 | D        | Reached skill level 15 in Earth Magic
  1020 | D        | Reached skill level 1 in Poison Magic
  1116 | D        | Killed an unseen horror
  1117 | D        | Reached skill level 19 in Spellcasting
  1119 | D        | Killed an unseen horror
  1119 | D        | Reached **** piety under Vehumet
  1120 | D        | Reached XP level 10. HP: 47/55 MP: 22/35
  1180 | D        | Reached ***** piety under Vehumet
  1186 | D        | Reached ****** piety under Vehumet
  1187 | D        | Reached skill level 20 in Spellcasting
  1351 | D        | Offered knowledge of Fulminant Prism by Vehumet.
  1400 | D        | Noticed an orc sorcerer
  1402 | D        | Killed an orc sorcerer
  1402 | D        | Noticed an orc knight
  1402 | D        | Noticed an orc high priest
  1403 | D        | Reached skill level 21 in Spellcasting
  1406 | D        | Killed an orc knight
  1406 | D        | Killed an orc high priest
  1432 | D        | Found Iheskelo's General Store.
  1588 | D        | Noticed a deep elf mage
  1588 | D        | Noticed a deep elf mage
  1588 | D        | Noticed a deep elf mage
  1588 | D        | Noticed a deep elf mage
  1588 | D        | Noticed a deep elf mage
  1597 | D        | Killed a deep elf mage
  1597 | D        | Offered knowledge of Starburst by Vehumet.
  1598 | D        | Reached XP level 11. HP: 60/60 MP: 23/38
  1598 | D        | Killed a deep elf mage
  1598 | D        | Killed a deep elf mage
  1598 | D        | Killed a deep elf mage
  1599 | D        | Reached skill level 22 in Spellcasting
  1603 | D        | Killed a deep elf mage
  1689 | D        | Noticed a deep elf demonologist
  1691 | D        | Noticed a deep elf high priest
  1693 | D        | Killed a deep elf high priest
  1693 | D        | Noticed a deep elf master archer
  1694 | D        | Killed a deep elf demonologist
  1694 | D        | Identified the +7 battleaxe of the Absolute Madman {vamp,
                  | rElec Dex-2 Stlth+}
  1694 | D        | Identified the cursed ring "Kisosk" {+Blink rF+ Slay-4}
  1694 | D        | Noticed a deep elf annihilator
  1695 | D        | Reached skill level 23 in Spellcasting
  1939 | D        | Noticed a deep elf demonologist
  1939 | D        | Noticed a deep elf high priest
  2041 | D        | Noticed a deep elf demonologist
  2420 | D        | Noticed an Ice Fiend
  2889 | D        | Offered knowledge of Hailstorm by Vehumet.
  3035 | D        | Noticed a lindwurm
  3045 | D        | Killed a lindwurm
  3046 | D        | Reached skill level 24 in Spellcasting
  3184 | D        | Offered knowledge of Orb of Destruction by Vehumet.
  3241 | D        | Noticed Urug
  3249 | D        | Killed Urug
  3659 | D        | Noticed Rupert
  3663 | D        | Paralysed by something for 4 turns
  3667 | D        | HP: 2/60 [something (17)]
  3668 | D        | Slain by Rupert

Illustrated notes

Levels and vault maps discovered:
D:        dungeon_sprint_mu [sprint_mu_entry_cave, sprint_mu_temple_rooms,
          sprint_mu_d1_horrors, sprint_mu_d2_genie, sprint_mu_d3_branching,
          sprint_mu_orc_legion, sprint_mu_elf_gauntlet, sprint_mu_hive_nellie,
          sprint_mu_lair_fedhas, sprint_mu_vaults_butterflies,
          sprint_mu_slime_circle, sprint_mu_swamp_cave, sprint_mu_shoals_archi,
          sprint_mu_blade_basic, sprint_mu_crypt_chambers,
          sprint_mu_tomb_spiral, sprint_mu_vestibule_basic,
          sprint_mu_gehenna_hellfire, sprint_mu_dis_giant,
          sprint_mu_tartarus_statrot, sprint_mu_cocytus_islands, sprint_mu_zot1]

Skill      XL: |  1  2  3  4  5  6  7  8  9 10 11 |
---------------+----------------------------------+-----
Spellcasting   | 5 6 7 8 12 15 17 19 21 24 | 24.6
Earth Magic    | 5 7 8 11 13 14 16 18 20 | 20.3
Dodging        | 3 4 5 |  5.5
Stealth        | 3 4 5 |  5.6
Transmutations | 2 3 |  3.7
Evocations     | 1 2 3 |  3.5
Conjurations   | 1 3 |  3.5
Poison Magic   | 1 2 |  2.4
Fighting       | |  0.8
Unarmed Combat | |  0.1
Air Magic      | |  0.9

Action                   |  1- 3 |  4- 6 |  7- 9 | 10-12 || total
-------------------------+-------+-------+-------+-------++-------
Melee: Unarmed           |       |       |     1 |     3 ||     4
 Cast: Sandblast         |    17 |     3 |       |     9 ||    29
       Lee's Rapid Decon |       |     2 |    25 |    59 ||    86
       Petrify           |       |       |     1 |     2 ||     3
       Mephitic Cloud    |       |       |     2 |       ||     2
       Stone Arrow       |       |       |       |    13 ||    13
       Passwall          |       |       |       |     2 ||     2
Evoke: Wand              |       |       |     4 |     1 ||     5
       Condenser vane    |       |       |       |     4 ||     4
  Use: Potion            |     4 |       |       |     3 ||     7
       Scroll            |       |       |       |     1 ||     1
Armor: Robe              |       |       |     1 |     2 ||     3
Dodge: Dodged            |     4 |       |     1 |    15 ||    20

Table legend: (Time is in decaauts)
 A = Elapsed time spent in this place.
 B = Non-inter-level travel time spent in this place.
 C = Inter-level travel time spent in this place.
 D = Time resting spent in this place.
 E = Time spent auto-exploring this place.
 F = Levels seen in this place.
 G = Mean time per level.
                   A        B        C        D        E       F      G
               +--------+--------+--------+--------+--------+-----+--------+
         Total |   3665 |   3618 |     47 |   2847 |     69 |   1 | 3665.0 |
       Dungeon |   3665 |   3618 |     47 |   2847 |     69 |   1 | 3665.0 |
               +--------+--------+--------+--------+--------+-----+--------+

Top non-repeatable levels by time:
       D: 3665 daAuts
